 Dungeon Crawl Stone Soup version 0.20-a0-270-g8e735b6 (webtiles) character file.

79 AlphabetPasta the Grasshopper (level 4, -7/27 HPs)
             Began as a Tengu Warper on Dec 10, 2016.
             Mangled by a gnoll
             ... wielding a +0 halberd
              (13 damage)
             ... on level 2 of the Dungeon.
             The game lasted 00:07:40 (2222 turns).

AlphabetPasta the Grasshopper (Tengu Warper)        Turns: 2222, Time: 00:07:40

Health: -7/27      AC:  3    Str: 12    XL:     4   Next: 38%
Magic:  8/8        EV: 12    Int: 13    God:
Gold:   118        SH:  0    Dex: 14    Spells: 0/7 levels left

rFire  . . .     SeeInvis .     a - +0 hand axe
rCold  . . .     Gourm    .     b - +0 leather armour
rNeg   . . .     Faith    .     (no shield)
rPois  .         Spirit   .     (helmet restricted)
rElec  .         Reflect  .     (no cloak)
rCorr  .         Harm     .     (no gloves)
MR     .....                    (boots unavailable)
Stlth  +.........               i - amulet of rage
                                (no ring)
                                (no ring)

@: about to teleport, very slightly contaminated
A: beak, talons 3
a: Evoke Berserk Rage


You were on level 2 of the Dungeon.
You were not hungry.

You visited 1 branch of the dungeon, and saw 2 of its levels.

You collected 118 gold pieces.

Inventory:

Hand Weapons
 a - a +0 hand axe (weapon)
Missiles
 e - 5 tomahawks of dispersal (quivered)
 l - 17 arrows
Armour
 b - a +0 leather armour (worn)
Jewellery
 i - an amulet of rage (around neck)
Potions
 h - 2 potions of heal wounds {unknown}
 j - 2 potions of invisibility
Books
 c - a book of Spatial Translocations

   Spells                             Type                      Level
   a - Blink                          Translocation                2
   b - Shroud of Golubria             Charms/Translocation         2
   c - Lesser Beckoning               Translocation                3
   d - Portal Projectile              Translocation                3
   e - Teleport Other                 Translocation                3
   f - Passage of Golubria            Translocation                4
Comestibles
 f - 2 bread rations
 g - 3 chunks of flesh


   Skills:
 + Level 2.4 Fighting
 + Level 2.6 Axes
 - Level 1.0 Throwing
 + Level 2.0 Armour
 + Level 2.7 Dodging
 + Level 2.3 Spellcasting
 * Level 2.9 Translocations
 + Level 0.2 Evocations


You couldn't memorise any spells.
You knew the following spells:

 Your Spells              Type           Power        Failure   Level  Hunger
a - Blink                 Tloc           N/A          14%         2    ###....
b - Shroud of Golubria    Chrm/Tloc      #.........   28%         2    ###....
c - Teleport Other        Tloc           #.......     28%         3    ###....


Dungeon Overview and Level Annotations

Branches:
Dungeon (2/15)

Altars:


Innate Abilities, Weirdness & Mutations

You have a beak for a mouth.
You have claws for feet.


Message History

The gnoll closely misses you.
The gnoll hits you from afar with a spear!
The gnoll hits you with a whip.
You closely miss the gnoll. You claw the gnoll. You peck the gnoll.
You kill the gnoll!
The gnoll hits you from afar with a spear!
* * * LOW HITPOINT WARNING * * *
The gnoll shouts!
The gnoll hits you with a spear.
* * * LOW HITPOINT WARNING * * *
Blink to where?
Press: ? - help, Dir - move target cursor You are very lightly contaminated with residual magic.
As you read the scroll of blinking, it crumbles to dust.
A gnoll comes into view. It is wielding a halberd.
A worm comes into view.
As you read the scroll labeled CIRCHI LOTROI, it crumbles to dust.
You feel strangely unstable.
It was a scroll of teleportation.
The gnoll hits you from afar with a halberd!
You die...

#.....#.# #.#
#.##....######
#.#
#............#
#g# #.##..<.####.
#.# #.###.#.#
###############.#
#...#.#.#
#...g...g.......#
#.#.#.#.#
#g############..#
#.#.#...# #.#
#..# #.#.#.###
#@# #..# #.#.#.#
#.# #..##
#.#.#.### #g#
#.... #.......#
..# #.##.
###.#.#.# #.#
###.##. #.#...#
.w# #......
#.#..## ..#
#.###.###..
#.#..##########
#.....# #..
#...........#
#####.###..


You could see a worm and 2 gnolls.

Vanquished Creatures
  A gnoll (D:2)
  An adder (D:2)
  An ooze (D:1)
  A worm (D:2)
  3 dart slugs (D:1)
  A leopard gecko (D:1)
  2 giant cockroaches
  10 hobgoblins
  3 jackals (D:1)
  5 kobolds
  A quokka (D:2)
  A ball python (D:1)
  3 bats
  3 frilled lizards
  5 goblins
  2 rats (D:1)
43 creatures vanquished.

Notes
Turn   | Place    | Note
-------+----------+-------------------------------------------
     0 | D:1      | AlphabetPasta the Tengu Warper began the quest for the Orb.
     0 | D:1      | Reached XP level 1. HP: 12/12 MP: 4/4
   257 | D:1      | Reached XP level 2. HP: 14/17 MP: 6/6
   264 | D:1      | Learned a level 2 spell: Blink
   267 | D:1      | Learned a level 2 spell: Shroud of Golubria
   779 | D:1      | Reached XP level 3. HP: 22/22 MP: 7/7
  1857 | D:2      | Reached XP level 4. HP: 27/27 MP: 8/8
  2060 | D:2      | Learned a level 3 spell: Teleport Other
  2222 | D:2      | Mangled by a gnoll

Vault maps used:
D:1:      dpeg_arrival_morbid_curiosity
D:2:      minmay_wonky_spiral, first_bread

Skill      XL: |  1  2  3 |
---------------+----------+-----
Armour         | 2 |  2.0
Fighting       | |  2.4
Axes           | |  2.6
Throwing       | |  1.0
Dodging        | |  2.7
Spellcasting   | |  2.3
Translocations | |  2.9
Evocations     | |  0.2

Action                   |  1- 3 |  4- 6 || total
-------------------------+-------+-------++-------
Melee: Hand axe          |    92 |    25 ||   117
       Kick              |    22 |     5 ||    27
       Peck              |    13 |     8 ||    21
 Abil: Evoke Berserk Rag |     1 |       ||     1
  Use: Scroll            |     2 |     2 ||     4
 Stab: Sleeping          |     1 |       ||     1
  Eat: Chunk             |     4 |     1 ||     5
Armor: Leather armour    |    24 |     5 ||    29
Dodge: Dodged            |    62 |    11 ||    73
